 Dungeon Crawl Stone Soup version 0.26-a0-639-g72c4674329 (webtiles) character file.

Game seed: 10555257758982965492

43 DogServant the Shield-Bearer (level 3, -2/30 HPs)
             Began as a Formicid Fighter on Sept 19, 2020.
             Slain by Sigmund
             ... wielding a +0 scythe
              (5 damage)
             ... on level 2 of the Dungeon.
             The game lasted 00:02:03 (1408 turns).

DogServant the Shield-Bearer (Formicid Fighter)     Turns: 1408, Time: 00:02:03

Health: -2/30      AC:  6    Str: 21    XL:     3   Next: 82%
Magic:  3/3        EV:  8    Int:  7    God:
Gold:   74         SH:  0    Dex: 10    Spells: 2/2 levels left

rFire    . . .     SeeInvis +   a - +0 war axe
rCold    . . .     Faith    .   c - +0 kite shield
rNeg     . . .     Spirit   .   b - +0 scale mail
rPois    .         Reflect  .   (helmet unavailable)
rElec    .         Harm     .   h - scarf {shadows}
rCorr    .         Rampage  .   (no gloves)
MR       .....                  (no boots)
Stlth    ..........             (no amulet)
HPRegen  0.10/turn              (no ring)
MPRegen  0.08/turn              (no ring)

@: confused, mighty
A: permanent stasis, dig shafts and tunnels, four strong arms, antennae 3
a: Dig, Shaft Self


You were on level 2 of the Dungeon.
You visited 1 branch of the dungeon, and saw 2 of its levels.

You collected 74 gold pieces.

Inventory:

Hand Weapons
 a - a +0 war axe (weapon)
Armour
 b - a +0 scale mail (worn)
 c - a +0 kite shield (worn)
 f - a +1 cloak
 h - a scarf of shadows (worn)
Jewellery
 i - a cursed ring of teleportation {unknown}
Scrolls
 e - a scroll of identify
 g - a scroll of magic mapping {unknown}
 k - a scroll of enchant weapon {unknown}
Potions
 d - 2 potions of might
 j - a potion of flight {unknown}
 l - a potion of mutation {unknown}


   Skills:
 + Level 3.7 Fighting
 + Level 2.5 Axes
 - Level 3.5 Armour
 + Level 4.3 Shields


You had 2 spell levels left.
You didn't know any spells.
Your spell library was empty.

Dungeon Overview and Level Annotations

Branches:
Dungeon (2/15)

Altars:

Annotations:
D:2 Sigmund


Innate Abilities, Weirdness & Mutations

You cannot be hasted, slowed, berserked, paralysed or teleported.
You can dig through walls and to a lower floor.
Your four strong arms can wield two-handed weapons with a shield.
You have a pair of large antennae on your head. (SInv)


Message History

You closely miss Sigmund. Sigmund hits you with a +0 scythe.
You slash Sigmund!
Sigmund is heavily wounded.
You block Sigmund's attack.
You closely miss Sigmund.
Sigmund is heavily wounded.
You block Sigmund's attack.
A goblin comes into view. It is wielding a +0 club.
You slash Sigmund!
Sigmund is almost dead.
Sigmund gestures at you while chanting.
You are confused.
Sigmund hits you from afar with a +0 scythe!
* * * LOW HITPOINT WARNING * * *
Found a leatherbound book.
Found an escape hatch in the floor.
Unknown command.
Okay, then.
You're too confused!
Sigmund hits you with a +0 scythe.
You die...

#......##
#......#
#......#
#.....## #.....#
####.....#
......$!.# ####
.........##.....
.........@@g....
.........##....#
########..:....#
####>...# ...#
..# .


You could see Sigmund and a goblin.

Vanquished Creatures
  Robin (D:2)
  A leopard gecko (D:1)
  3 bats
  A giant cockroach (D:1)
  8 goblins
  6 hobgoblins
  2 frilled lizards (D:1)
  4 kobolds
  A rat (D:2)
27 creatures vanquished.

Notes
Turn   | Place    | Note
-------+----------+-------------------------------------------
     0 | D:1      | DogServant the Formicid Fighter began the quest for the
                  | Orb.
     0 | D:1      | Reached XP level 1. HP: 18/18 MP: 1/1
   416 | D:1      | Reached XP level 2. HP: 19/24 MP: 2/2
   502 | D:1      | Reached skill level 4 in Shields
  1044 | D:2      | Noticed Robin
  1048 | D:2      | Reached XP level 3. HP: 29/29 MP: 3/3
  1069 | D:2      | Killed Robin
  1393 | D:2      | Noticed Sigmund
  1408 | D:2      | Slain by Sigmund

Illustrated notes

Levels and vault maps discovered:
D:1:      lemuel_arrival_cross, layout_basic, minmay_hedge_maze,
          minmay_tromino_v7
D:2:      layout_rooms, yredelemnul_forgotten_temple_becter, uniq_sigmund,
          uniq_robin

Skill      XL: |  1  2 |
---------------+-------+-----
Shields        | 4 |  4.3
Fighting       | |  3.7
Axes           | |  2.5
Armour         | |  3.5

Action                   || total
-------------------------++-------
Melee: War axe           ||    72
  Use: Scroll            ||     2
       Potion            ||     1
Armor: Scale mail        ||    39
Dodge: Dodged            ||    24
Block: Kite shield       ||    50

Table legend: (Time is in decaauts)
 A = Elapsed time spent in this place.
 B = Non-inter-level travel time spent in this place.
 C = Inter-level travel time spent in this place.
 D = Time resting spent in this place.
 E = Time spent auto-exploring this place.
 F = Levels seen in this place.
 G = Mean time per level.
                   A        B        C        D        E       F      G
               +--------+--------+--------+--------+--------+-----+--------+
         Total |   1440 |   1392 |     48 |    115 |   1037 |   2 |  720.0 |
       Dungeon |   1440 |   1392 |     48 |    115 |   1037 |   2 |  720.0 |
               +--------+--------+--------+--------+--------+-----+--------+

Top non-repeatable levels by time:
     D:1: 1051 daAuts
     D:2: 388 daAuts
